 Dungeon Crawl Stone Soup version 0.32-a0-141-g04fe69798e (webtiles) character file.

Game seed: 4754001424814487403

49 Eptagon the Covert (level 3, -5/35 HPs)
             Began as a Gnoll Delver on Feb 11, 2024.
             Slain by Menkaure (18 damage)
             ... on level 5 of the Dungeon.
             The game lasted 00:00:42 (188 turns).

Eptagon the Covert (Gnoll Delver)                    Turns: 188, Time: 00:00:43

Health: -5/35      AC:  3    Str: 13    XL:     3   Next: 77%
Magic:  4/4        EV: 13    Int:  9    God:
Gold:   13         SH:  0    Dex: 13    Spells: 4/4 levels left

rFire   . . .        a - +0 hand axe
rCold   . . .        (no shield)
rNeg    . . .        b - +0 leather armour
rPois   .            (no helmet)
rElec   .            (no cloak)
rCorr   .            (no gloves)
SInv    .            (no boots)
Will    +....        (no amulet)
Stlth   ++++         (no ring)
HPRegen 0.25/turn    (no ring)
MPRegen 0.09/turn

%: no passive effects
@: lethally poisoned (-5 -> -10), enlightened, flying
A: fangs 1, strong nose, distributed training
a: no special abilities


You were on level 5 of the Dungeon.
You visited 1 branch of the dungeon, and saw 1 of its levels.

You collected 13 gold pieces.

Inventory:

Hand Weapons
 a - a +0 hand axe (weapon)
Armour
 b - a +0 leather armour (worn)
Wands
 g - a wand of digging (3)
Scrolls
 c - a scroll of fog
 d - a scroll of revelation
 e - a scroll of fear
Potions
 f - a potion of haste


   Skills:
 + Level 6.5 Fighting
 + Level 1.0 Short Blades
 + Level 1.0 Long Blades
 + Level 4.6 Axes
 + Level 1.0 Maces & Flails
 + Level 1.0 Polearms
 + Level 1.0 Staves
 + Level 1.0 Ranged Weapons
 + Level 1.0 Throwing
 + Level 1.0 Armour
 + Level 4.6 Dodging
 + Level 9.6 Stealth
 + Level 1.0 Shields
 + Level 1.0 Unarmed Combat
 + Level 1.0 Spellcasting
 + Level 0.7 Conjurations
 + Level 0.7 Hexes
 + Level 0.7 Summonings
 + Level 0.7 Necromancy
 + Level 0.7 Translocations
 + Level 0.7 Fire Magic
 + Level 0.7 Ice Magic
 + Level 0.7 Air Magic
 + Level 0.7 Earth Magic
 + Level 0.7 Alchemy
 + Level 1.0 Invocations
 + Level 1.0 Evocations
 + Level 0.8 Shapeshifting


You had 4 spell levels left.
You didn't know any spells.
Your spell library contained the following spells:

 Spells                   Type           Power      Damage    Failure   Level
 Sandblast                Erth           2%         2d4       34%         1
 Passwall                 Erth           1%         N/A       71%         3
 Stone Arrow              Conj/Erth      2%         3d7       71%         3
 Brom's Barrelling Bould  Conj/Erth      1%         2d3       98%         4


Dungeon Overview and Level Annotations

Branches:
Dungeon (5/15)
 Temple: D:4-7

Altars:
Ru

Annotations:
D:5 Menkaure


Innate Abilities, Weirdness & Mutations

You have very sharp teeth.
Your uncanny sense of smell can sniff out nearby items.
Your experience applies equally to all skills.


Message History

No target in view!
No target in view!
No target in view!
No target in view!
No target in view!
No target in view!
No target in view!
An orc comes into view. It is wielding a +0 dagger.
An orc is nearby!
Menkaure and an adder come into view.
Menkaure shouts!
The adder hisses angrily.
You see here an orange potion.
You closely miss the adder.
The orc shouts!
You hit the orc. The adder barely misses you. The orc closely misses you.
You closely miss the orc. You punch the orc. Your bite misses the orc.
The orc is almost dead.
You miss the adder. You completely miss Menkaure. The adder closely misses you.
The orc hits you but does no damage.
Menkaure murmurs, "Let me perform the rites..."
Menkaure calls on the powers of darkness!
Your body is wracked with pain!
The adder convulses!
The adder bites you.
You are poisoned.
The adder poisons you!
You are too injured to fight recklessly!
You are too injured to fight recklessly!
You are too injured to fight recklessly!
You are too injured to fight recklessly!
You are too injured to fight recklessly!
You are too injured to fight recklessly!
You are too injured to fight recklessly!
You are too injured to fight recklessly!
You are too injured to fight recklessly!
You are too injured to fight recklessly!
It was a potion of enlightenment.
You feel very buoyant.
You fly up into the air.
You feel sick. The adder barely misses you. The orc hits you with a +0 dagger.
Menkaure hits you!!
Ouch! That really hurt!
You die...

#........# #..[.....##
.. #.........# .#
+.........### ..#
............### #.#
..............## #.#
...............##..#
................So##
.............##.@..#
....)......####.M#...#
.........### #..##
...# .....(.### #.##
...# ......## .. #..
.....### #.# .
...###.## ..
..###...## ..#
.###......


You could see Menkaure, an adder and an orc.

Vanquished Creatures
  An orc wizard (D:5)
  2 adders (D:5)
  2 orcs (D:5)
  A quokka (D:5)
  A bat (D:5)
  A frilled lizard (D:5)
8 creatures vanquished.

Notes
Turn   | Place    | Note
-------+----------+-------------------------------------------
     0 | D:5      | Reached skill level 9 in Stealth
     0 | D:5      | Eptagon the Gnoll Delver began the quest for the Orb.
     0 | D:5      | Reached XP level 1. HP: 23/23 MP: 1/1
    16 | D:5      | Reached XP level 2. HP: 22/29 MP: 2/2
    90 | D:5      | Found a sacrificial altar of Ru.
   102 | D:5      | Reached skill level 1 in Invocations
   102 | D:5      | Reached XP level 3. HP: 29/35 MP: 2/4
   108 | D:5      | Reached skill level 1 in Short Blades
   108 | D:5      | Reached skill level 1 in Long Blades
   108 | D:5      | Reached skill level 1 in Maces & Flails
   108 | D:5      | Reached skill level 1 in Polearms
   108 | D:5      | Reached skill level 1 in Staves
   108 | D:5      | Reached skill level 1 in Ranged Weapons
   108 | D:5      | Reached skill level 1 in Throwing
   108 | D:5      | Reached skill level 1 in Armour
   108 | D:5      | Reached skill level 1 in Shields
   108 | D:5      | Reached skill level 1 in Unarmed Combat
   108 | D:5      | Reached skill level 1 in Spellcasting
   108 | D:5      | Reached skill level 1 in Evocations
   184 | D:5      | Noticed Menkaure
   188 | D:5      | Slain by Menkaure

Illustrated notes

Levels and vault maps discovered:
D:5:      layout_cave_pods, nicolae_ru_great_annihilating_truth, minivault_1,
          minmay_hollow_rounded_squares, uniq_grinder, uniq_menkaure

Skill      XL: |  1  2  3 |
---------------+----------+-----
Stealth        | |  9.6
Invocations    | 1 |  1.0
Short Blades   | 1 |  1.0
Long Blades    | 1 |  1.0
Maces & Flails | 1 |  1.0
Polearms       | 1 |  1.0
Staves         | 1 |  1.0
Ranged Weapons | 1 |  1.0
Throwing       | 1 |  1.0
Armour         | 1 |  1.0
Shields        | 1 |  1.0
Unarmed Combat | 1 |  1.0
Spellcasting   | 1 |  1.0
Evocations     | 1 |  1.0
Fighting       | |  6.5
Axes           | |  4.6
Dodging        | |  4.6
Conjurations   | |  0.7
Hexes          | |  0.7
Summonings     | |  0.7
Necromancy     | |  0.7
Translocations | |  0.7
Fire Magic     | |  0.7
Ice Magic      | |  0.7
Air Magic      | |  0.7
Earth Magic    | |  0.7
Alchemy        | |  0.7
Shapeshifting  | |  0.8

Action                     || total
---------------------------++-------
  Melee: Hand axe          ||    29
         Bite              ||     3
         Punch             ||     3
    Use: Potion            ||     1
   Stab: Sleeping          ||     5
 Armour: Leather armour    ||    19
  Dodge: Dodged            ||    25

Table legend: (Time is in decaauts)
 A = Elapsed time spent in this place.
 B = Non-inter-level travel time spent in this place.
 C = Inter-level travel time spent in this place.
 D = Time resting spent in this place.
 E = Time spent auto-exploring this place.
 F = Levels seen in this place.
 G = Mean time per level.
                   A        B        C        D        E       F      G
               +--------+--------+--------+--------+--------+-----+--------+
         Total |    190 |    190 |      0 |      0 |    117 |   1 |  190.0 |
       Dungeon |    190 |    190 |      0 |      0 |    117 |   1 |  190.0 |
               +--------+--------+--------+--------+--------+-----+--------+

Top non-repeatable levels by time:
     D:5: 190 daAuts
